Map: Newkirk Precinct TE (Void)

Players

Neeb - Winner!

  • Race: Protoss Protoss
  • Spawn Location: 5:00

ShoWTimE

  • Race: Protoss Protoss
  • Spawn Location: 7:00

Event: WESG 2016 Finals

VOD

Have the link to the VOD?

Description

Time

  • Played on: Jan. 15, 2017, 4:02 p.m.
  • Length: 8:23

All games in this series

Show
View Real Time Build Order
Export as new Build Order

Neeb Protoss - Winner!

Build Orders:  

Get SALT Encoding   

  12  0:00  Probe (Chrono Boost)  
  13  0:11  Probe (Chrono Boost)  
  14  0:18  Pylon  
  14  0:22  Probe (Chrono Boost)  
  15  0:36  Probe (Chrono Boost)  
  15  0:37  Gateway  
  16  0:44  Assimilator  
  16  0:47  Probe (Chrono Boost)  
  17  0:51  Assimilator  
  17  0:57  Probe (Chrono Boost)  
  18  1:05  Gateway  
  18  1:09  Probe (Chrono Boost)  
  19  1:19  Probe (Chrono Boost)  
  19  1:24  Cybernetics Core  
  20  1:30  Probe (Chrono Boost)  
  21  1:36  Pylon  
  21  1:40  Probe (Chrono Boost)  
  21  1:46  Warp Gate  
  22  1:51  Probe (Chrono Boost)  
  23  2:01  Adept  
  25  2:03  Probe (Chrono Boost), Adept  
  30  2:16  Mothership Core (Chrono Boost)  
  30  2:18  Pylon  
  30  2:36  Stalker x2  
  34  2:54  Probe (Chrono Boost)  
  33  3:02  Nexus  
  33  3:09  Sentry  
  36  3:13  Probe (Chrono Boost)  
  36  3:23  Robotics Facility  
  36  3:26  Probe (Chrono Boost)  
  37  3:32  Pylon  
  37  3:38  Probe (Chrono Boost)  
  38  3:42  Twilight Council  
  38  3:49  Probe (Chrono Boost)  
  38  3:51  Sentry  
  41  4:00  Probe (Chrono Boost)  
  42  4:05  Warp Prism  
  42  4:09  Blink  
  42  4:11  Adept  
  42  4:12  Probe (Chrono Boost)  
  48  4:17  Probe (Chrono Boost)  
  48  4:28  Probe (Chrono Boost)  
  48  4:30  Probe (Chrono Boost)  
  50  4:34  Assimilator  
  50  4:38  Assimilator  
  51  4:40  Probe (Chrono Boost), Observer  
  51  4:42  Probe (Chrono Boost)  
  53  4:52  Probe (Chrono Boost)  
  55  4:54  Probe (Chrono Boost)  
  55  4:55  Pylon  
  55  4:58  Pylon  
  55  5:04  Probe (Chrono Boost)  
  55  5:05  Robotics Bay  
  57  5:07  Probe (Chrono Boost)  
  57  5:17  Robotics Facility  
  57  5:21  Probe x2 (Chrono Boost)  
  59  5:22  Immortal  
  63  5:33  Probe x2 (Chrono Boost)  
  65  5:36  Gateway  
  65  5:45  Probe x2 (Chrono Boost)  
  67  5:51  Pylon  
  67  5:56  Disruptor  
  67  5:58  Stalker x2  
  67  5:59  Disruptor  
  74  6:10  Gateway  
  77  6:14  Gateway  
  77  6:19  Gateway  
  77  6:27  Disruptor  
  77  6:30  Disruptor  
  80  6:36  Stalker  
  80  6:38  Pylon  
  80  6:39  Pylon  
  85  6:51  Pylon  
  85  6:56  Stalker x2  
  89  7:06  Observer  
  89  7:07  Stalker, Nexus  
  91  7:11  Stalker  
  94  7:19  Stalker x2  
  98  7:25  Pylon  
  98  7:32  Stalker x2  
  98  7:36  Disruptor  
  98  7:37  Disruptor  
  102  8:05  Stalker x2  
Show
View Real Time Build Order
Export as new Build Order

ShoWTimE Protoss 

Build Orders: Blink Stalkers 

Get SALT Encoding   

  12  0:00  Probe (Chrono Boost)  
  13  0:11  Probe (Chrono Boost)  
  14  0:17  Pylon  
  14  0:22  Probe (Chrono Boost)  
  16  0:35  Probe (Chrono Boost)  
  16  0:36  Gateway  
  16  0:42  Assimilator  
  16  0:46  Probe (Chrono Boost)  
  17  0:52  Assimilator  
  17  0:56  Probe (Chrono Boost)  
  18  1:05  Gateway  
  18  1:08  Probe (Chrono Boost)  
  20  1:18  Probe (Chrono Boost)  
  20  1:23  Cybernetics Core  
  20  1:29  Probe (Chrono Boost)  
  21  1:33  Pylon  
  21  1:39  Probe (Chrono Boost)  
  22  1:46  Warp Gate  
  22  1:50  Probe (Chrono Boost)  
  23  1:59  Stalker x2  
  27  2:06  Probe (Chrono Boost)  
  28  2:17  Pylon  
  28  2:21  Mothership Core (Chrono Boost)  
  30  2:32  Stalker  
  30  2:35  Stalker  
  33  2:41  Probe (Chrono Boost)  
  34  3:01  Probe (Chrono Boost)  
  35  3:13  Probe (Chrono Boost)  
  35  3:21  Twilight Council  
  35  3:23  Nexus  
  35  3:24  Sentry  
  37  3:29  Pylon  
  37  3:33  Probe (Chrono Boost)  
  38  3:44  Probe (Chrono Boost)  
  38  3:48  Robotics Facility  
  39  3:56  Blink  
  39  3:58  Probe (Chrono Boost)  
  41  4:10  Probe (Chrono Boost)  
  41  4:22  Probe (Chrono Boost)  
  42  4:32  Observer  
  42  4:34  Probe (Chrono Boost), Phoenix  
  42  4:37  Probe (Chrono Boost), Sentry  
  47  4:42  Sentry  
  50  4:46  Gateway  
  50  4:47  Probe x2 (Chrono Boost)  
  50  4:48  Gateway  
  50  4:52  Pylon  
  51  4:58  Probe (Chrono Boost), Immortal  
  51  4:59  Probe (Chrono Boost)  
  57  5:10  Assimilator  
  57  5:11  Probe (Chrono Boost)  
  56  5:18  Assimilator  
  56  5:19  Probe (Chrono Boost)  
  56  5:23  Probe (Chrono Boost)  
  56  5:28  Phoenix  
  57  5:29  Probe (Chrono Boost)  
  59  5:36  Probe (Chrono Boost), Robotics Bay  
  59  5:40  Probe (Chrono Boost)  
  60  5:45  Immortal  
  60  5:48  Probe (Chrono Boost), Pylon  
  61  5:50  Probe (Chrono Boost)  
  66  5:58  Pylon  
  66  6:00  Probe (Chrono Boost)  
  66  6:01  Probe (Chrono Boost)  
  68  6:06  Forge  
  69  6:11  Probe (Chrono Boost)  
  69  6:12  Probe (Chrono Boost)  
  70  6:19  Disruptor  
  74  6:26  Probe (Chrono Boost), Protoss Ground Weapons Level 1  
  74  6:28  Probe (Chrono Boost)  
  74  6:34  Nexus  
  74  6:38  Pylon  
  74  6:45  Stalker  
  76  6:49  Probe (Chrono Boost)  
  76  6:50  Probe (Chrono Boost)  
  76  6:51  Disruptor  
  78  6:56  Phoenix  
  78  6:59  Stalker  
  83  7:02  Stalker  
  83  7:07  Probe (Chrono Boost)  
  83  7:08  Probe (Chrono Boost)  
  87  7:11  Stalker  
  89  7:17  Robotics Facility  
  89  7:22  Probe x2 (Chrono Boost)  
  91  7:23  Stalker  
  93  7:34  Disruptor  
  93  7:35  Probe (Chrono Boost)  
  90  7:45  Probe (Chrono Boost)  
  90  7:47  Stalker x2  
  90  7:48  Stalker  
  90  7:55  Stalker  
  89  7:58  Probe x2 (Chrono Boost)  
  78  8:11  Stalker x3  
Tags
 
Add a new tag
Caveats
  • Supply blocks, unpowered buildings, or Contaminate may cause inaccurate times.
  • Supply counts are checked every 10 seconds.